 Dungeon Crawl Stone Soup version 0.28-a0-816-gb054d885db (webtiles) character file.

Game seed: 8267599997864324703

22 vurker the Gusty (level 2, -1/12 HPs)
             Began as a Felid Air Elementalist on Nov 8, 2021.
             Slain by an adder (4 damage)
             ... on level 2 of the Dungeon.
             The game lasted 00:01:11 (1269 turns).

vurker the Gusty (Felid Air Elementalist)           Turns: 1269, Time: 00:01:11

Health: -1/12      AC:  1    Str:  4    XL:     2   Next: 68%
Magic:  1/6        EV: 17    Int: 16    God:
Gold:   51         SH:  0    Dex: 16    Spells: 4/5 levels left
                                        Lives:  0   Deaths: 0

rFire   . . .      SeeInvis +   (weapon unavailable)
rCold   . . .      Faith    .   (shield unavailable)
rNeg    . . .      Spirit   .   (armour unavailable)
rPois   .          Reflect  .   (helmet unavailable)
rElec   .          Harm     .   (cloak unavailable)
rCorr   .          Rampage  .   (gloves unavailable)
Will    .....                   (boots unavailable)
Stlth   ++........              (no amulet)
HPRegen 0.04/turn               (no ring)
MPRegen 0.10/turn               (no ring)

@: lethally poisoned (-1 -> -2), quick
A: very small, claws 1, fangs 3, see invisible, speed 1, shaggy fur 1, stealthy
paws, no weapons or thrown items, no armour, multi-lived
a: no special abilities


You were on level 2 of the Dungeon.
You visited 1 branch of the dungeon, and saw 2 of its levels.

You collected 51 gold pieces.

Inventory:

Scrolls
 a - a scroll of immolation {unknown}
 d - 2 scrolls of identify {unknown}
 e - a scroll of noise {unknown}
Potions
 b - a potion of haste {unknown}
 c - a potion of cancellation {unknown}


   Skills:
 + Level 0.6 Fighting
 - Level 2.6 Dodging
 - Level 2.6 Stealth
 * Level 2.3 Spellcasting
 + Level 1.3 Conjurations
 * Level 3.0 Air Magic


You had 4 spell levels left.
You knew the following spells:

 Your Spells              Type           Power      Damage    Failure   Level
a - Shock                 Conj/Air       32%        1d5       9%          1

Your spell library contained the following spells:

 Spells                   Type           Power      Damage    Failure   Level
 Static Discharge         Conj/Air       8%         N/A       12%         2
 Swiftness                Air            11%        N/A       17%         3
 Ensorcelled Hibernation  Hex/Ice        2%         N/A       30%         2
 Airstrike                Air            5%         N/A       50%         4
 Spider Form              Tmut/Pois      1%         N/A       52%         3


Dungeon Overview and Level Annotations

Branches:
Dungeon (2/15)

Altars:


Innate Abilities, Weirdness & Mutations

You have sharp claws.
You have razor-sharp teeth.
You have supernaturally acute eyesight. (SInv)
You cover ground quickly. (Speed+)
You are covered in fur. (AC +1)
Your paws help you pounce on unaware monsters.
You are incapable of wielding weapons or throwing items.
You cannot wear armour.
You gain extra lives every three experience levels.


Message History

You kill the rat!
You can't see any susceptible monsters within range! (Use Z to cast anyway.)
You can't see any susceptible monsters within range! (Use Z to cast anyway.)
You can't see any susceptible monsters within range! (Use Z to cast anyway.)
You can't see any susceptible monsters within range! (Use Z to cast anyway.)
Found a scroll labelled NUSURYESUO.
e - a scroll labelled NUSURYESUO You can't see any susceptible monsters within range! (Use Z to cast anyway.)
A goblin comes into view. It is wielding a +1 dagger of draining.
A goblin is nearby!
A goblin is nearby!
A goblin is nearby!
A goblin is nearby!
Aim: a goblin, wielding a +1 dagger of draining (asleep, 100% to hit)
The zap hits the goblin.
The goblin shouts!
Aim: a goblin, wielding a +1 dagger of draining (heavily wounded, 60% to hit)
The zap hits the goblin.
You kill the goblin!
No target in view!
You can't see any susceptible monsters within range! (Use Z to cast anyway.)
You can't see any susceptible monsters within range! (Use Z to cast anyway.)
You can't see any susceptible monsters within range! (Use Z to cast anyway.)
You see here a +1 dagger of draining.
Found a faded altar of an unknown god.
An adder comes into view.
The zap hits the adder.
The adder hisses angrily.
The zap misses the adder.
You can't see any susceptible monsters within range! (Use Z to cast anyway.)
You can't see any susceptible monsters within range! (Use Z to cast anyway.) Unknown command.
You can't see any susceptible monsters within range! (Use Z to cast anyway.)
You can't see any susceptible monsters within range! (Use Z to cast anyway.)
You can't see any susceptible monsters within range! (Use Z to cast anyway.)
An adder is nearby!
The zap hits the adder.
The adder bites you.
You are poisoned.
The adder poisons you!
An adder is nearby!
The zap hits the adder.
You feel sick. The adder bites you.
* * * LOW HITPOINT WARNING * * *
Unknown command.
Okay, then.
You feel sick.
The zap misses the adder.
The zap hits the adder.
You feel sick. The adder misses you.
The zap misses the adder.
The zap hits the adder.
You feel sick. The adder bites you.
You die...

. ##. .. .. .### #######
..# ###.....### #.#
###.........#
####S####............
.###...@................
................#.######
............###.#.# #
#.........### ###.# #
###.._..### #.######
####### ........
..###### ..# # .#.. #


You could see an adder.

Vanquished Creatures
  A dart slug (D:1)
  4 bats
  An endoplasm (D:1)
  2 giant cockroaches (D:1)
  A goblin (D:2)
  A hobgoblin (D:1)
  A kobold (D:1)
  A quokka (D:1)
  2 ball pythons
  2 frilled lizards (D:2)
  3 rats
19 creatures vanquished.

Notes
Turn   | Place    | Note
-------+----------+-------------------------------------------
     0 | D:1      | vurker the Felid Air Elementalist began the quest for the
                  | Orb.
     0 | D:1      | Reached XP level 1. HP: 7/7 MP: 4/4
   111 | D:1      | Reached skill level 1 in Conjurations
   445 | D:1      | Reached XP level 2. HP: 12/12 MP: 3/6
   992 | D:1      | Reached skill level 3 in Air Magic
  1251 | D:2      | Found a faded altar of an unknown god.
  1269 | D:2      | Slain by an adder

Illustrated notes

Levels and vault maps discovered:
D:1:      dpeg_arrival_rooms_with_view, layout_basic
D:2:      layout_basic, hellmonk_ecumenical_altar_zigzags,
          chequers_hall_statues_y, hangedman_decor_lopped,
          minmay_indecisive_spiral

Skill      XL: |  1  2 |
---------------+-------+-----
Conjurations   | 1 |  1.3
Air Magic      | 3 |  3.0
Fighting       | |  0.6
Dodging        | |  2.6
Stealth        | |  2.6
Spellcasting   | |  2.3

Action                   || total
-------------------------++-------
Melee: Unarmed           ||     9
       Bite              ||     1
 Cast: Shock             ||    44
Armor: Skin              ||     1
Dodge: Dodged            ||    11

Table legend: (Time is in decaauts)
 A = Elapsed time spent in this place.
 B = Non-inter-level travel time spent in this place.
 C = Inter-level travel time spent in this place.
 D = Time resting spent in this place.
 E = Time spent auto-exploring this place.
 F = Levels seen in this place.
 G = Mean time per level.
                   A        B        C        D        E       F      G
               +--------+--------+--------+--------+--------+-----+--------+
         Total |   1119 |   1099 |     20 |      0 |    993 |   2 |  559.5 |
       Dungeon |   1119 |   1099 |     20 |      0 |    993 |   2 |  559.5 |
               +--------+--------+--------+--------+--------+-----+--------+

Top non-repeatable levels by time:
     D:1: 902 daAuts
     D:2: 216 daAuts
